 Dungeon Crawl Stone Soup version 0.29-a0-555-g3b24f45cc1 (webtiles) character file.

Game seed: 7342170212329127785

109 Hubjo the Insei (level 4, -14/33 HPs)
             Began as a Demonspawn Transmuter on June 7, 2022.
             Was a High Priest of Ignis.
             Demolished by a mummy (18 damage)
             ... in an ossuary.
             The game lasted 00:04:59 (3156 turns).

Hubjo the Insei (Demonspawn Transmuter)             Turns: 3156, Time: 00:04:59

Health: -14/33     AC:  3    Str: 10    XL:     4   Next: 60%
Magic:  6/7        EV: 12    Int: 14    God:    Ignis [*****.]
Gold:   133        SH:  0    Dex: 16    Spells: 7/8 levels left

rFire   + . .      SeeInvis +     - Unarmed
rCold   . . .      Faith    .   (no shield)
rNeg    . . .      Spirit   .   a - +1 robe
rPois   .          Reflect  .   (helmet currently unavailable)
rElec   .          Harm     .   (no cloak)
rCorr   .          Rampage  .   (no gloves)
Will    +....                   (boots currently unavailable)
Stlth   +.........              (no amulet)
HPRegen 0.11/turn               j - ring of see invisible
MPRegen 0.10/turn               p - ring of willpower

@: appendages (expiring), marked
A: horns 2, talons 2, spiny 1
a: End Transformation, Renounce Religion, Fiery Armour, Foxfire Swarm, Rising
Flame


You were in an ossuary.
You worshipped Ignis.
Ignis was extremely pleased with you.
You had temporarily grown beastly horns and talons.
You visited 1 branch of the dungeon, and saw 4 of its levels.
You also visited: Ossuary.

You collected 133 gold pieces.

Inventory:

Armour
 a - a +1 robe (worn)
 i - the +0 ring mail "Huntemeh" {Dex+3}
   (You found it on level 4 of the Dungeon)

   Dex:       It affects your dexterity (+3).
Jewellery
 j - a ring of see invisible (left hand)
 p - a ring of willpower (right hand)
Scrolls
 d - 2 scrolls of enchant armour
 e - 2 scrolls of vulnerability
 g - a scroll of amnesia
 h - a scroll of poison
 k - a scroll of identify
Potions
 b - a potion of lignification
 c - 3 potions of curing
 f - a potion of invisibility {unknown}
 n - 2 potions of degeneration {unknown}
 q - a potion of mutation {unknown}


   Skills:
 + Level 2.1 Fighting
 + Level 2.5 Dodging
 + Level 3.2 Unarmed Combat
 + Level 2.6 Spellcasting
 + Level 2.4 Transmutations


You had 7 spell levels left.
You knew the following spells:

 Your Spells              Type           Power      Damage    Failure   Level
a - Beastly Appendage     Tmut           16%        N/A       9%          1

Your spell library contained the following spells:

 Spells                   Type           Power      Damage    Failure   Level
 Wereblood                Tmut           8%         N/A       12%         2
 Apportation              Tloc           2%         N/A       22%         1
 Sublimation of Blood     Necr           1%         N/A       34%         2
 Spider Form              Tmut/Pois      5%         N/A       38%         3
 Ice Form                 Ice/Tmut       5%         N/A       80%         4
 Alistair's Intoxication  Tmut/Pois      3%         N/A       98%         5
 Summon Hydra             Summ           0%         N/A       100%        7


Dungeon Overview and Level Annotations

Branches:
Dungeon (4/15)             Temple (0/1) D:4         Ossuary (1/1)

Altars:
Ignis

Shops:
D:3 *

Annotations:
D:4 Pikel


Innate Abilities, Weirdness & Mutations

You have temporarily grown beastly horns and talons.
You are partially covered in sharp spines.


Message History

The centaur zombie closely misses you. The centaur zombie barely misses you.
The jackal zombie is struck by your spines.
The jackal zombie closely misses you.
A hobgoblin zombie comes into view.
The hobgoblin zombie is struck by your spines.
You destroy the hobgoblin zombie!
You barely miss the jackal zombie. You headbutt the jackal zombie.
You destroy the jackal zombie!
The centaur zombie is struck by your spines.
The centaur zombie closely misses you.
The centaur zombie kicks you but does no damage.
The jackal zombie is struck by your spines.
The jackal zombie bites you but does no damage.
The mummy hits you.
The adder zombie is struck by your spines.
The adder zombie barely misses you.
You hit the jackal zombie.
You claw the jackal zombie, but do no damage.
You punch the jackal zombie.
You destroy the jackal zombie!
The centaur zombie completely misses you.
The centaur zombie barely misses you.
The centaur zombie is struck by your spines.
The centaur zombie hits you.
The centaur zombie kicks you but does no damage.
The adder zombie is struck by your spines.
The adder zombie misses you. The mummy is struck by your spines.
The mummy hits you!!
Ouch! That really hurt!
* * * LOW HITPOINT WARNING * * *
As you read the scroll labelled WACWORHETO, it crumbles to dust.
Wisps of shadow whirl around you...
It was a scroll of summoning.
Your transformation is almost over.
The adder zombie bites you.
* * * LOW HITPOINT WARNING * * *
The centaur zombie is struck by your spines.
The centaur zombie hits you but does no damage.
The centaur zombie misses you. The mummy hits you!!
Ouch! That really hurt!
You die...

#...##############...#
#...# #...# #...#
#...# #...# #...#
#...# ....+####...#
#...# #.∩.....#...#
#...# #.......#...#
#...# #...M...#...#
#...#.####ZZMZ...#...#
#...#.....Z@MZZ..#...#
#...#.####Z.####.#...#
#...# #Z.# #...# #...#
#..# #...#
#...######^.######...#
#....................#
#........8..8........#
#....................#
#....................#


You could see 2 mummies, 2 adder zombies, 3 hobgoblin zombies, a centaur zombie
(ally target), a friendly mummy (summoned), a friendly killer bee zombie
(summoned) and a friendly black bear skeleton (summoned).

Vanquished Creatures
  2 adders
  2 worms (D:3)
  3 dart slugs (D:2)
  7 orcs
  2 bats
  4 endoplasms
  2 giant cockroaches
  4 goblins
  7 hobgoblins
  6 kobolds
  A quokka (D:3)
  8 ball pythons
  2 frilled lizards
  7 hobgoblin zombies (Ossuary)
  2 jackal zombies (Ossuary)
  8 kobold zombies (Ossuary)
  7 orc zombies (Ossuary)
  2 rats
  A rat zombie (Ossuary)
77 creatures vanquished.

Notes
Turn   | Place    | Note
-------+----------+-------------------------------------------
     0 | D:1      | Hubjo the Demonspawn Transmuter began the quest for the
                  | Orb.
     0 | D:1      | Reached XP level 1. HP: 15/15 MP: 3/3
   304 | D:1      | Gained mutation: You are partially covered in sharp spines.
                  | [demonic ancestry]
   304 | D:1      | Reached XP level 2. HP: 14/21 MP: 3/5
   811 | D:1      | You fall into a shaft and drop 1 floor!
   982 | D:2      | Reached skill level 3 in Unarmed Combat
   982 | D:2      | Reached XP level 3. HP: 23/26 MP: 4/6
  1122 | D:2      | Found a faded altar of an unknown god.
  1144 | D:2      | Prayed at the altar of an unknown god.
  1144 | D:2      | Became a worshipper of Ignis, the Dying Flame
  1812 | D:3      | Found Ubleleut's Assorted Antiques.
  2199 | D:3      | Reached XP level 4. HP: 33/33 MP: 5/7
  2624 | D:4      | Noticed Pikel
  2624 | D:4      | Noticed a lemure
  2624 | D:4      | Noticed a lemure
  2624 | D:4      | Noticed a lemure
  2688 | D:4      | Identified the +0 ring mail "Huntemeh" {Dex+3}
  2910 | D:4      | Found a sand-covered staircase.
  2925 | Ossuary  | Entered an ossuary
  3156 | Ossuary  | Demolished by a mummy

Illustrated notes

Levels and vault maps discovered:
D:1:      mrwooster_arrival_arrow, layout_rooms
D:2:      layout_loops_ring, shapermc_ecumenical_altar_gd
D:3:      layout_basic, serial_shops, shop_fountains
D:4:      layout_cave_pools, zin_academy, minmay_temple_entry_stoned_glass,
          lightli_ossuary_entry_decrepit_ruins, minmay_pentangle, uniq_pikel
Ossuary:  ossuary_tomb_1

Skill      XL: |  1  2  3  4 |
---------------+-------------+-----
Dodging        | 2 |  2.5
Transmutations | 2 |  2.4
Unarmed Combat | 3 |  3.2
Fighting       | 2 |  2.1
Spellcasting   | |  2.6

Action                   |  1- 3 |  4- 6 || total
-------------------------+-------+-------++-------
Melee: Unarmed           |    69 |    77 ||   146
       Kick              |    19 |    18 ||    37
       Headbutt          |     7 |     9 ||    16
       Punch             |     3 |     1 ||     4
 Cast: Beastly Appendage |    30 |    11 ||    41
  Use: Scroll            |     2 |     8 ||    10
       Potion            |       |     1 ||     1
 Stab: Sleeping          |     2 |       ||     2
Armor: Robe              |    14 |    16 ||    30
Dodge: Dodged            |    34 |    57 ||    91

Table legend: (Time is in decaauts)
 A = Elapsed time spent in this place.
 B = Non-inter-level travel time spent in this place.
 C = Inter-level travel time spent in this place.
 D = Time resting spent in this place.
 E = Time spent auto-exploring this place.
 F = Levels seen in this place.
 G = Mean time per level.
                   A        B        C        D        E       F      G
               +--------+--------+--------+--------+--------+-----+--------+
         Total |   3146 |   3039 |    107 |      0 |   2495 |   5 |  629.2 |
       Dungeon |   2918 |   2811 |    107 |      0 |   2369 |   4 |  729.5 |
       Ossuary |    227 |    227 |      0 |      0 |    126 |   1 |  227.0 |
               +--------+--------+--------+--------+--------+-----+--------+

Top non-repeatable levels by time:
     D:3: 951 daAuts
     D:2: 914 daAuts
     D:1: 809 daAuts
     D:4: 242 daAuts
 Ossuary: 227 daAuts
